 Dungeon Crawl Stone Soup version 0.31-a0-1610-g9787180 (webtiles) character file.

Game seed: 11113886262321085699

1257 PidgeyThePirate the Arsonist (level 8, -8/42 HPs)
             Began as a Tengu Fire Elementalist on Jan 8, 2024.
             Was an Initiate of Ashenzari.
             Mangled by an iguana (12 damage)
             ... on level 5 of the Dungeon.
             The game lasted 00:16:23 (5619 turns).

PidgeyThePirate the Arsonist (TeFE)                 Turns: 5619, Time: 00:16:24

Health: -8/42      AC:  3    Str: 10    XL:     8   Next: 51%
Magic:  1/18       EV: 32    Int: 16    God:    Ashenzari [......]
Gold:   205        SH:  0    Dex: 15    Spells: 16/19 levels left

rFire   . . .        s - +2 dagger (holy)
rCold   . . .        (no shield)
rNeg    . . .        a - +0 robe
rPois   .            n - +1 hat
rElec   .            (no cloak)
rCorr   .            (no gloves)
SInv    .            (boots unavailable)
Will    .....        (no amulet)
Stlth   ++           (no ring)
HPRegen 0.27/turn    (no ring)
MPRegen 0.16/turn

%: acrobat
@: acrobatic, flying
A: beak, talons 3, evasive flight, acrobatic
a: Renounce Religion


You were on level 5 of the Dungeon.
You worshipped Ashenzari.
Ashenzari was noncommittal.
You visited 2 branches of the dungeon, and saw 6 of its levels.
You also visited: Sewer.

You collected 205 gold pieces.

Inventory:

Hand Weapons
 s - a +2 dagger of holy wrath (weapon)
Armour
 a - a +0 robe (worn)
 n - a +1 hat (worn)
Wands
 h - a wand of acid (5)
 v - a wand of iceblast (9)
 w - a wand of paralysis (14)
Scrolls
 d - a scroll of silence {unknown}
 e - a scroll of noise {unknown}
 g - a scroll of identify {unknown}
 j - 3 scrolls of teleportation {unknown}
 m - a scroll of enchant weapon {unknown}
 p - a scroll of fog {unknown}
 q - a scroll of enchant armour {unknown}
 x - a scroll of butterflies {unknown}
Potions
 b - 2 potions of heal wounds {unknown}
 c - 2 potions of resistance {unknown}
 f - 3 potions of curing
 i - 2 potions of invisibility {unknown}
 k - 2 potions of haste {unknown}
 l - a potion of cancellation {unknown}
 o - a potion of ambrosia {unknown}
 r - a potion of degeneration {unknown}
 t - a potion of mutation {unknown}
 u - a potion of enlightenment {unknown}


   Skills:
 + Level 0.8 Fighting
 + Level 1.1 Short Blades
 + Level 3.0 Dodging
 + Level 2.8 Stealth
 + Level 1.2 Unarmed Combat
 + Level 6.0 Spellcasting
 + Level 2.5 Conjurations
 + Level 8.0 Fire Magic


You had 16 spell levels left.
You knew the following spells:

 Your Spells              Type           Power      Damage    Failure   Level
a - Foxfire               Conj/Fire      84%        2x1d8     1%          1
b - Scorch                Fire           60%        2d7       1%          2

Your spell library contained the following spells:

 Spells                   Type           Power      Damage    Failure   Level
 Inner Flame              Hex/Fire       17%        N/A       8%          3
 Volatile Blastmotes      Fire/Tloc      34%        2d12      8%          3
 Flame Wave               Conj/Fire      21%        2d8       16%         4


Dungeon Overview and Level Annotations

Branches:
Dungeon (5/15)             Temple (1/1) D:4           Sewer (visited)

Altars:
Ashenzari
Elyvilon
Fedhas
Makhleb
Nemelex Xobeh
Okawaru
Qazlal
Sif Muna
Trog
Uskayaw
Vehumet
Wu Jian
Xom
Yredelemnul
Zin

Shops:
D:2 *(?   D:5 [


Innate Abilities, Weirdness & Mutations

You have a beak for a mouth.
You have claws for feet.
Your magical flight helps you evade attacks. (EV +4)
You can magically evade attacks while moving or waiting.


Message History

You barely miss the centaur. You claw the centaur, but do no damage.
The centaur is heavily wounded.
The centaur closely misses you. The centaur misses you.
You hit the centaur. You claw the centaur, but do no damage.
The centaur is heavily wounded.
The centaur misses you. The centaur closely misses you.
The centaur misses you. x2
You hit the centaur. You claw the centaur, but do no damage.
You peck the centaur.
The centaur is severely wounded.
The centaur completely misses you. x2
You hit the centaur. You claw the centaur.
You peck the centaur, but do no damage.
The centaur is almost dead.
The centaur barely misses you. The centaur closely misses you.
The centaur barely misses you. The centaur kicks you.
You completely miss the centaur. You claw the centaur, but do no damage.
The centaur is almost dead.
The centaur hits you but does no damage.
The centaur barely misses you.
You hit the centaur. You claw the centaur.
You kill the centaur!
Your Spellcasting skill increases to level 6!
Your Fire Magic skill increases to level 8!
Casting: Scorch (safe; 1% risk of failure)
Confirm with . or Enter, or press ? or * to list all spells.
Flames lash the iguana.
The iguana is severely wounded.
The iguana's fire resistance burns away.
The iguana completely misses you. The iguana attacks as it pursues you!
The iguana completely misses you.
Casting: Scorch (safe; 1% risk of failure)
Confirm with . or Enter, or press ? or * to list all spells.
You conjure some foxfire!
The iguana bites you!
* * * LOW HITPOINT WARNING * * *
The foxfire hits the iguana.
The iguana is severely wounded.
The foxfire hits the iguana.
The iguana is burned terribly!
The iguana is almost dead.
The iguana attacks as it pursues you! The iguana bites you!
You die...

##..# #.....
#####... #.....
#.....#########.....
#.......†...........
##....#########.....
#......# #.....
#.####......# #.....
#...........#
###.....
######.@§...#
........ #.l....#
....###. #......#
....#... ##)#...# ..
#... #$#...# . #...
# #.##### #... ..
#)..c# #... ..####)#
#... ...#)# #...


You could see an iguana (combustible).

Vanquished Creatures
  3 ice beasts (D:5)
  An ogre (D:5)
  A centaur (D:5)
  A phantom (D:4)
  2 kobold brigands (Sewer)
  4 jellies
  3 orc priests
  2 hounds
  4 iguanas
  An orc wizard (D:4)
  6 gnolls
  4 adders
  2 river rats (D:3)
  A dart slug (D:3)
  7 orcs
  11 ball pythons
  2 bats (D:2)
  11 endoplasms
  5 giant cockroaches
  5 goblins
  8 hobgoblins
  4 jackals (D:4)
  22 kobolds
  A quokka (D:2)
  2 frilled lizards
  9 rats
122 creatures vanquished.

Vanquished Creatures (others)
  81 foxfires
81 creatures vanquished.

Grand Total: 203 creatures vanquished

Notes
Turn   | Place    | Note
-------+----------+-------------------------------------------
     0 | D:1      | PidgeyThePirate the Tengu Fire Elementalist began the quest
                  | for the Orb.
     0 | D:1      | Reached XP level 1. HP: 10/10 MP: 4/4
   291 | D:1      | Reached XP level 2. HP: 15/15 MP: 4/6
   672 | D:1      | Found a shimmering altar of Xom.
   926 | D:2      | Found Muethuda's Weapon Shop.
   933 | D:2      | Reached XP level 3. HP: 19/19 MP: 3/7
  1167 | D:2      | Reached skill level 1 in Unarmed Combat
  1248 | D:2      | Found Jecreu's General Store.
  1279 | D:2      | Learned a level 2 spell: Scorch
  1485 | D:2      | Found Tasoomm's Magic Scroll Shop.
  1522 | D:2      | Reached skill level 4 in Fire Magic
  1872 | D:3      | Found a faded altar of an unknown god.
  1914 | D:3      | Found a radiant altar of Vehumet.
  1945 | D:3      | Reached XP level 4. HP: 24/24 MP: 3/8
  2076 | D:3      | Reached XP level 5. HP: 28/28 MP: 1/10
  2090 | D:3      | Found a glowing silver altar of Zin.
  2254 | D:3      | Found a glowing drain.
  2267 | Sewer    | Entered a sewer
  2546 | Sewer    | Noticed a kobold brigand
  2563 | Sewer    | Killed a kobold brigand
  2564 | Sewer    | Reached skill level 5 in Fire Magic
  2564 | Sewer    | Reached XP level 6. HP: 24/32 MP: 0/12
  3521 | D:3      | Found a stormy altar of Qazlal.
  3521 | D:3      | Found a basalt altar of Yredelemnul.
  3521 | D:3      | Found a glowing silver altar of Zin.
  3521 | D:3      | Found a glowing silver altar of Zin.
  3521 | D:3      | Found an iron altar of Okawaru.
  3521 | D:3      | Found a shimmering altar of Xom.
  4013 | D:4      | Reached skill level 6 in Fire Magic
  4013 | D:4      | Gained mutation: Your magical flight helps you evade
                  | attacks. (EV +4) [Tengu growth]
  4013 | D:4      | Reached XP level 7. HP: 32/37 MP: 8/14
  4432 | D:4      | Found a staircase to the Ecumenical Temple.
  4443 | Temple   | Entered the Ecumenical Temple
  4545 | Temple   | Became a worshipper of Ashenzari the Shackled
  5141 | D:5      | Entered Level 5 of the Dungeon
  5272 | D:5      | Reached skill level 7 in Fire Magic
  5316 | D:5      | Reached skill level 5 in Spellcasting
  5375 | D:5      | Reached skill level 1 in Short Blades
  5375 | D:5      | Reached XP level 8. HP: 42/42 MP: 11/16
  5563 | D:5      | Found Geysaed's Armour Boutique.
  5615 | D:5      | Reached skill level 8 in Fire Magic
  5619 | D:5      | Mangled by an iguana

Illustrated notes

Levels and vault maps discovered:
D:1:      dpeg_arrival_lava_altar, layout_basic
D:2:      layout_loops_ring, serial_shops, nicolae_shop_pleasant_corner_grove,
          nicolae_shop_tiny_glass, shop
D:3:      cheibrodos_fertilizer, layout_basic,
          mainiacjoe_overflow_catch_the_wave, portal_sewer_entry_e,
          ebering_ecumenical_altar_rust
D:4:      layout_cave_pods, temple_fountains
D:5:      layout_basic, gammafunk_temple_overflow_elements,
          nicolae_ru_awakened_eye, serial_shops, shop,
          nicolae_shop_tiny_real_fake_doors, serial_bayou_lagoon_b,
          uniq_menkaure
Temple:   oiseaux_autumnal_temple

Skill      XL: |  1  2  3  4  5  6  7  8 |
---------------+-------------------------+-----
Unarmed Combat | 1 |  1.2
Fire Magic     | 4 5 6 7 8 |  8.0
Conjurations   | 2 |  2.5
Spellcasting   | 3 4 5 6 |  6.0
Short Blades   | 1 |  1.1
Dodging        | 3 |  3.0
Fighting       | |  0.8
Stealth        | |  2.8

Action                     |  1- 3 |  4- 6 |  7- 9 || total
---------------------------+-------+-------+-------++-------
  Melee: Unarmed           |    13 |    12 |       ||    25
         Kick              |     2 |     6 |    12 ||    20
         Peck              |     2 |     6 |     8 ||    16
         Dagger            |       |    11 |    24 ||    35
         Punch             |       |       |     1 ||     1
   Cast: Foxfire           |    31 |    12 |     3 ||    46
         Scorch            |    12 |    61 |    62 ||   135
    Use: Potion            |       |     1 |     2 ||     3
 Armour: Robe              |    13 |    27 |    21 ||    61
  Dodge: Dodged            |    37 |    58 |    73 ||   168

Table legend: (Time is in decaauts)
 A = Elapsed time spent in this place.
 B = Non-inter-level travel time spent in this place.
 C = Inter-level travel time spent in this place.
 D = Time resting spent in this place.
 E = Time spent auto-exploring this place.
 F = Levels seen in this place.
 G = Mean time per level.
                   A        B        C        D        E       F      G
               +--------+--------+--------+--------+--------+-----+--------+
         Total |   5648 |   5173 |    475 |      0 |   4116 |   7 |  806.9 |
       Dungeon |   4798 |   4429 |    369 |      0 |   3557 |   5 |  959.6 |
        Temple |    131 |     25 |    106 |      0 |     22 |   1 |  131.0 |
         Sewer |    718 |    718 |      0 |      0 |    537 |   1 |  718.0 |
               +--------+--------+--------+--------+--------+-----+--------+

Top non-repeatable levels by time:
     D:3: 1381 daAuts
     D:2: 1075 daAuts
     D:4: 1075 daAuts
     D:1: 789 daAuts
   Sewer: 718 daAuts
     D:5: 476 daAuts
  Temple: 131 daAuts
